AoeStats
← albanplumed

Arena

504562083Analyzed
4v4 RM · 27d ago on Sep 5, 2026· 50m 30s· 8 players
Game mode
Random Map
Map size
Large (8 player)
Population
200
Speed
Normal
Resources
Standard
Victory
Conquest
Starting age
Dark Age
Ending age
Imperial Age
RankedLock teamsTeams togetherTeam positionsShared explorationLock speedFull tech treeHidden civsTurbo modeCheats
Victory
Defeat
🇫🇷 Franks · France
1457
+13
🇲🇽 Celts · Mexico
1433
+14
🇲🇹 Persians · Malta
1377
+17
🇬🇧 Italians · United Kingdom
1308
+20
🇹🇷 Portuguese · Türkiye
1462
-19
🇹🇷 Goths · Türkiye
1452
-18
🇹🇷 Italians · Türkiye
1364
-15
🇹🇷 Persians · Türkiye
1286
-12
proxxi
10:33 Feudal Age
11:45 Double-Bit Axe
14:17 Castle Age
15:24 Bow Saw
15:37 Horse Collar
22:43 Wheelbarrow
23:25 Loom
24:33 Heavy Plow
27:43 Imperial Age
25:52 Gold Mining
26:15 Scale Barding Armor
26:20 Forging
27:17 Chain Barding Armor
27:19 Bloodlines
27:09 Husbandry
27:55 Hand Cart
27:37 Stone Mining
27:20 Cavalier
28:58 Gold Shaft Mining
32:04 Plate Barding Armor
31:20 Fletching
32:06 Iron Casting
31:50 Savar
38:11 Blast Furnace
39:19 Chemistry
40:33 Light Cavalry
41:16 Scale Mail Armor
43:00 Caravan
48:39 Murder Holes
48:54 Masonry
Milhouse Van Houten
10:47 Feudal Age
14:32 Castle Age
12:31 Double-Bit Axe
12:51 Horse Collar
16:38 Town Watch
17:06 Loom
21:48 Bow Saw
22:16 Heavy Plow
23:49 Gold Mining
23:53 Stone Mining
27:56 Imperial Age
26:08 Ballistics
25:39 Fletching
25:36 Crossbowman
26:45 Bodkin Arrow
28:04 Thumb Ring
28:14 Padded Archer Armor
28:37 Bracer
29:57 Chemistry
29:30 Leather Archer Armor
28:55 Elite Skirmisher
31:22 Ring Archer Armor
31:34 Masonry
32:55 Architecture
34:03 Conscription
33:15 Arbalester
34:22 Treadmill Crane
35:22 Scale Barding Armor
38:51 Wheelbarrow
38:59 Guilds
40:33 Chain Barding Armor
42:08 Two-Man Saw
41:39 Bloodlines
41:30 Husbandry
41:25 Elite Genoese Crossbowman
42:48 Light Cavalry
44:01 Forging
45:06 Scale Mail Armor
45:41 Plate Barding Armor
46:11 Hussar
48:15 Hoardings
49:00 Iron Casting
50:19 Pirotechnia
50:25 Caravan
SimoniacJewel88
10:29 Feudal Age
14:59 Castle Age
14:25 Double-Bit Axe
15:56 Bow Saw
15:52 Horse Collar
16:59 Heavy Plow
22:21 Town Watch
22:56 Loom
24:44 Gold Mining
25:46 Wheelbarrow
26:43 Town Patrol
27:18 Wheelbarrow
28:51 Ballistics
30:03 Gold Shaft Mining
33:03 Imperial Age
30:58 Hand Cart
30:11 Pikeman
31:47 Scale Mail Armor
31:57 Forging
31:53 Stone Mining
32:57 Chain Mail Armor
32:29 Arson
33:32 Chain Mail Armor
33:53 Iron Casting
33:06 Capped Ram
33:12 Heavy Scorpion
34:01 Siege Ram
34:20 Halberdier
36:10 Conscription
36:49 Furor Celtica
36:01 Man-at-Arms
36:27 Gambesons
37:54 Siege Engineers
38:50 Chemistry
37:22 Long Swordsman
39:17 Blast Furnace
38:47 Plate Mail Armor
38:32 Two-Handed Swordsman
39:04 Onager
40:32 Champion
42:12 Caravan
42:43 Coinage
42:06 Siege Onager
46:30 Banking
Moussaillon
11:25 Feudal Age
12:05 Double-Bit Axe
14:56 Castle Age
16:06 Bow Saw
21:02 Gold Mining
22:44 Wheelbarrow
24:50 Hand Cart
28:27 Imperial Age
25:56 Stone Mining
26:09 Scale Mail Armor
26:42 Loom
26:42 Town Watch
27:15 Chain Mail Armor
27:11 Forging
27:57 Gold Shaft Mining
27:35 Pikeman
28:16 Squires
29:29 Iron Casting
30:33 Chemistry
30:24 Conscription
29:31 Halberdier
30:52 Plate Mail Armor
31:58 Blast Furnace
31:10 Husbandry
30:31 Light Cavalry
31:17 Scale Barding Armor
32:40 Cavalier
35:01 #83
34:59 Arson
37:04 Masonry
37:45 Fletching
39:18 Hoardings
41:09 Bodkin Arrow
42:30 Architecture
42:29 Paladin
43:30 Chain Barding Armor
46:35 Caravan
49:33 Coinage
49:14 Murder Holes
ysk
11:40 Feudal Age
15:05 Castle Age
13:14 Double-Bit Axe
14:24 Horse Collar
16:39 Bow Saw
23:14 Heavy Plow
28:16 Imperial Age
28:14 Wheelbarrow
28:21 Scale Barding Armor
29:24 Chain Barding Armor
29:15 Forging
29:00 Gold Mining
28:55 Cavalier
30:05 Bloodlines
30:11 Husbandry
30:54 Hand Cart
30:41 Savar
32:43 Plate Barding Armor
35:07 Iron Casting
34:54 Conscription
36:46 Town Watch
36:47 Loom
43:49 Guilds
45:05 Light Cavalry
46:17 Kamandaran
46:36 Hussar
47:45 Thumb Ring
47:01 Crossbowman
47:53 Thumb Ring
49:36 Coinage
OsmanAbi
11:07 Feudal Age
15:50 Castle Age
13:48 Horse Collar
14:07 Double-Bit Axe
15:36 Loom
17:51 Loom
22:27 Imperial Age
24:35 Fletching
28:27 Chemistry
33:06 Town Watch
37:16 Stone Mining
37:16 Gold Mining
37:58 Conscription
38:45 Stone Shaft Mining
38:54 Scale Mail Armor
39:05 Forging
41:04 Wheelbarrow
41:57 Iron Casting
41:37 Chain Mail Armor
42:45 Hand Cart
50:18 Elite Organ Gun
51:00 Arquebus
albanplumed
11:48 Feudal Age
12:32 Horse Collar
15:52 Castle Age
13:45 Loom
14:01 Double-Bit Axe
16:46 Bow Saw
17:17 Heavy Plow
18:04 Wheelbarrow
19:51 Gold Mining
26:32 Imperial Age
24:27 Fletching
25:40 Ballistics
25:23 Padded Archer Armor
25:00 Crossbowman
25:04 Elite Skirmisher
26:35 Town Watch
27:17 Bodkin Arrow
28:37 Chemistry
29:17 Fortified Wall
29:47 Bracer
30:53 Hand Cart
31:05 Thumb Ring
35:07 Leather Archer Armor
35:27 Conscription
37:03 Ring Archer Armor
37:50 Masonry
38:37 Scale Mail Armor
38:47 Forging
42:01 Chain Mail Armor
43:01 Iron Casting
42:41 Town Patrol
43:10 Scale Barding Armor
43:35 Plate Mail Armor
45:57 Blast Furnace
44:27 Light Cavalry
45:18 Bloodlines
47:05 Squires
49:04 Chain Barding Armor
49:42 Architecture
49:14 Pikeman
Sem
10:43 Feudal Age
14:32 Castle Age
12:57 Double-Bit Axe
13:31 Horse Collar
17:48 Bow Saw
19:04 Loom
20:00 Wheelbarrow
27:24 Imperial Age
25:01 Scale Mail Armor
25:11 Forging
25:06 Heavy Plow
25:02 Town Watch
26:37 Chain Mail Armor
26:33 Forging
27:30 Squires
26:51 Pikeman
28:10 Halberdier
29:51 Iron Casting
31:00 Two-Man Saw
31:41 Blast Furnace
31:16 Crop Rotation
33:18 Perfusion
36:01 Conscription
37:06 Fletching
38:07 Gold Mining
42:38 Chemistry
45:36 Heavy Scorpion
48:59 Ballistics
49:19 Bodkin Arrow
49:25 Padded Archer Armor
Connection lost

Rejoining the realm…

Still unreachable

The connection could not be restored.

Session expired

The server has moved on; the page needs a fresh start.